 Dungeon Crawl Stone Soup version 0.16.1-7-g2c6721e (webtiles) character file.

1206 abixa the Cleaver (level 8, -2/71 HPs)
             Began as a Hill Orc Gladiator on Mar 29, 2015.
             Was a Believer of Qazlal.
             Splashed by a jelly's acid (5 damage)
             ... on level 6 of the Dungeon.
             The game lasted 00:32:08 (5360 turns).

abixa the Cleaver (Hill Orc Gladiator)              Turns: 5360, Time: 00:32:08

Health: -2/71      AC:  5    Str: 18    XL:     8   Next: 45%
Magic:  8/8        EV: 11    Int:  8    God:    Qazlal [**....]
Gold:   283        SH:  2    Dex: 13    Spells: 0 memorised, 7 levels left

rFire  + . .     SeeInvis .     a - +0 war axe
rCold  . . .     Clarity  .     F - +2 ring mail {rF+}
rNeg   . . .     SustAb   .     (no shield)
rPois  .         Gourm    .     c - +0 helmet
rElec  .         Spirit   .     (no cloak)
rCorr  .         Warding  .     (no gloves)
rMut   .         Stasis   .     w - +0 pair of boots
MR     .....                    (no amulet)
Stlth  +.........               (no ring)
                                (no ring)

@: lethally poisoned (-2 -> -11), marked, corroded equipment, not resistant to
hostile enchantments, very unstealthy
A: no striking features
a: Upheaval, Renounce Religion


You were on level 6 of the Dungeon.
You worshipped Qazlal.
Qazlal was pleased with you.
You were hungry.

You visited 2 branches of the dungeon, and saw 7 of its levels.
You also visited: Sewer.

You collected 283 gold pieces.

Inventory:

Hand weapons
 a - a +0 war axe (weapon)
 m - a +0 blowgun
 r - a +0 blowgun
 u - a +0 hunting sling
 z - a +0 dagger of venom
Missiles
 d - 3 throwing nets
 k - 42 bolts
 l - 25 arrows
 n - 31 poisoned needles
 o - 123 stones (quivered)
 t - 20 sling bullets
 I - 13 tomahawks
 N - 3 javelins
Armour
 c - a +0 helmet (worn)
 w - a +0 pair of boots (worn)
 B - a +3 leather armour of fire resistance
 F - a +2 ring mail of fire resistance (worn)
Jewellery
 K - an uncursed ring of fire
Magical devices
 j - a wand of paralysis (0)
Scrolls
 b - 2 scrolls of remove curse
 e - a scroll of immolation {unknown}
 s - 2 scrolls of blinking
 y - 2 scrolls of enchant armour
 A - a scroll of magic mapping
 D - a scroll of random uselessness {unknown}
 E - a scroll of teleportation {unknown}
 M - a scroll of noise {unknown}
 O - a scroll of recharging {unknown}
Potions
 i - a potion of restore abilities
 q - a potion of mutation {unknown}
 v - 2 potions of flight {unknown}
 x - a potion of haste {unknown}
 C - a potion of magic {unknown}
 G - a potion of heal wounds {unknown}
 H - 3 potions of curing {unknown}
 L - a potion of agility {unknown}
Comestibles
 f - 2 meat rations
 g - 4 beef jerkies
 h - 2 slices of pizza
 p - 2 bread rations
 J - a royal jelly


   Skills:
 + Level 6.3 Fighting
 * Level 10.5 Axes
 - Level 2.0 Throwing
 - Level 4.0 Armour
 - Level 2.4 Dodging


You had 7 spell levels left.
You didn't know any spells.

Dungeon Overview and Level Annotations

Branches:
Dungeon (6/15)             Temple (1/1) D:4

Altars:
Cheibriados
Dithmenos
Elyvilon
Fedhas
Gozag
Kikubaaqudgha
Makhleb
Nemelex Xobeh
Okawaru
Qazlal
Ru
Sif Muna
Trog
Vehumet
Xom
Zin
The Shining One
Jiyva

Annotations:
D:4 exclusion: upstairs
D:5 Zigurun's ghost, average SpEn


Message History

You are lethally poisoned!
You climb downwards.
* * * LOW HITPOINT WARNING * * *
You feel sick. The jelly hits you but does no damage.
There is a stone staircase leading up here.
You hit the jelly.
The jelly is lightly wounded.
* * * LOW HITPOINT WARNING * * *
You feel sick. The jelly closely misses you.
You hit the jelly! The acid corrodes your equipment!
The jelly is heavily wounded.
* * * LOW HITPOINT WARNING * * *
You feel sick. The jelly misses you.
You hit the jelly!
The jelly is almost dead.
* * * LOW HITPOINT WARNING * * *
You feel sick. The jelly hits you.
* * * LOW HITPOINT WARNING * * *
You are splashed with acid!
The acid burns!
You die...

##.# #.##..##.#*#...$..,**
**,** ...# #.##.###.#
*#.....** *,* #### #.##.#
#.# *#...#* *,* #
#.##.###.######+#* *,* #
#.............#,# *,* #
####.##.#####.#.###******,*
# #.##.# *,.....,,,,,,,*
#####.##.#####....##********
#........alJ@......#
#.###.##..r###....## *,*
#.##...# *,#.## *,*
#....ยง.#**,**#
*,**####.....,,*
*,,,,,,...####** ******#####


You could see a jelly, a worker ant, a giant gecko and a rat.

Vanquished Creatures
  An ice beast (D:5)
  An ogre (D:4)
  A centaur (D:5)
  A big kobold (Sewer)
  A giant frog (D:6)
  4 jellies (D:6)
  A scorpion (D:5)
  A centaur zombie (D:6)
  2 goliath beetles (D:6)
  2 giant frog zombies (D:4)
  A crimson imp (D:2)
  An orc priest (D:4)
  An iguana (D:3)
  2 orc wizards (D:5)
  A worker ant (D:6)
  Ijyb (D:3)
  A hound skeleton (D:4)
  11 adders
  2 river rats (Sewer)
  3 worms
  An adder zombie (D:6)
  An adder skeleton (D:4)
  3 oozes
  14 orcs
  A bat skeleton (D:5)
  8 giant cockroaches
  8 hobgoblins
  2 ball pythons
  11 bats
  A giant gecko skeleton (D:4)
  A giant gecko zombie (D:6)
  4 giant newts
  7 goblins
  13 jackals
  A jackal skeleton (D:6)
  17 kobolds
  4 quokkas
  10 rats
146 creatures vanquished.

Vanquished Creatures (others)
  A toadstool (D:6)
1 creature vanquished.

Grand Total: 147 creatures vanquished

Notes
Turn   | Place    | Note
--------------------------------------------------------------
     0 | D:1      | abixa, the Hill Orc Gladiator, began the quest for the Orb.
     0 | D:1      | Reached XP level 1. HP: 18/18 MP: 1/1
   223 | D:1      | Reached XP level 2. HP: 23/25 MP: 2/2
   601 | D:1      | Reached skill level 5 in Axes
   857 | D:2      | Found a glowing golden altar of the Shining One.
   877 | D:2      | Found an opulent altar of Gozag.
   903 | D:2      | Reached XP level 3. HP: 28/30 MP: 3/3
  1343 | D:2      | Reached skill level 6 in Axes
  1487 | D:2      | Reached XP level 4. HP: 37/37 MP: 4/4
  1582 | D:2      | Found a shadowy altar of Dithmenos.
  1919 | D:2      | Reached skill level 7 in Axes
  1919 | D:2      | Reached XP level 5. HP: 29/42 MP: 5/5
  2059 | D:3      | Found a sacrificial altar of Ru.
  2061 | D:3      | Found a bloodstained altar of Trog.
  2301 | D:3      | Reached skill level 1 in Armour
  2503 | D:3      | Noticed Ijyb
  2522 | D:3      | Killed Ijyb
  2522 | D:3      | Reached XP level 6. HP: 48/51 MP: 6/6
  3023 | D:4      | Found a staircase to the Ecumenical Temple.
  3037 | D:4      | Reached skill level 8 in Axes
  3080 | Temple   | Entered the Ecumenical Temple
  3099 | Temple   | Became a worshipper of Qazlal Stormbringer
  3712 | D:4      | Reached XP level 7. HP: 45/60 MP: 7/7
  3813 | D:5      | Entered Level 5 of the Dungeon
  3883 | D:5      | Noticed Zigurun's ghost (average SpEn)
  3916 | D:6      | Acquired Qazlal's first power
  3962 | D:6      | Found a glowing drain.
  4144 | D:6      | Reached skill level 9 in Axes
  4255 | Sewer    | Entered a sewer
  4267 | Sewer    | Reached skill level 5 in Fighting
  4477 | Sewer    | Found a white marble altar of Elyvilon.
  4637 | D:6      | Reached XP level 8. HP: 50/69 MP: 8/8
  4873 | D:6      | Found a viscous altar of Jiyva.
  5077 | D:6      | Acquired Qazlal's second power
  5077 | D:6      | Reached skill level 10 in Axes
  5360 | D:6      | HP: 3/71 [jelly (1)]
  5360 | D:6      | Splashed by a jelly's acid

Action                   |  1- 3 |  4- 6 |  7- 9 || total
-------------------------+-------+-------+-------++-------
Melee: War axe           |   142 |   220 |   147 ||   509
 Fire: Blowgun           |       |     7 |     8 ||    15
Throw: Stone             |     5 |    67 |     1 ||    73
       Tomahawk          |       |       |     3 ||     3
Evoke: Wand              |       |       |     3 ||     3
  Use: Scroll            |       |       |     8 ||     8
 Stab: Paralysed         |       |       |     9 ||     9
  Eat: Chunk             |     1 |     8 |     5 ||    14
